 Dungeon Crawl Stone Soup version 0.31-a0-14-gc80a10f4b6 (webtiles) character file.

Game seed: 15296722887014853284

5383 Morbidden the Destroyer (level 10, -8/74 HPs)
             Began as a Barachi Conjurer on May 8, 2023.
             Was a Priest of Cheibriados.
             Mangled by a wyvern (15 damage)
             ... on level 8 of the Dungeon.
             The game lasted 00:17:02 (10702 turns).

Morbidden the Destroyer (Barachi Conjurer)         Turns: 10702, Time: 00:17:03

Health: -8/74      AC:  8    Str: 14    XL:     10   Next: 66%
Magic:  11/21      EV: 14    Int: 35    God:    Cheibriados [***...]
Gold:   326        SH:  0    Dex: 15    Spells: 13/23 levels left

rFire   . . .        a - +2 short sword (holy)
rCold   . . .        (no shield)
rNeg    . . .        K - +2 leather armour of Rocomef {Harm rPois rCorr Dex-2}
rPois   +            L - +0 helmet
rElec   .            (no cloak)
rCorr   +            (no gloves)
SInv    .            d - +0 pair of boots
Will    .....        (no amulet)
Stlth   ++           y - ring of poison resistance
HPRegen 0.32/turn    x - +6 ring of intelligence
MPRegen 0.17/turn

%: harm (+30% outgoing, +20% incoming)
@: very slow
A: amphibious, slowness 1, strong legs 1, +LOS
a: Hop, Renounce Religion, Bend Time, Temporal Distortion


You were on level 8 of the Dungeon.
You worshipped Cheibriados.
Cheibriados was most pleased with you.
You visited 2 branches of the dungeon, and saw 9 of its levels.
You also visited: Sewer.

You collected 326 gold pieces.

Inventory:

Hand Weapons
 a - a +2 short sword of holy wrath (weapon)
 E - a +0 morningstar
 P - a +3 long sword
 Q - a +5 dagger
Missiles
 i - 43 poisoned darts
 C - 11 curare-tipped darts (quivered)
Armour
 d - a +0 pair of boots (worn)
 K - the +2 leather armour of Rocomef (worn) {Harm rPois rCorr Dex-2}
   (You took it off an orc on level 5 of the Dungeon)

   Dex:       It affects your dexterity (-2).
   rPois:     It protects you from poison.
   rCorr:     It protects you from acid and corrosion.
   Harm:      It increases damage dealt and taken.
 L - a +0 helmet (worn)
Magical Staves
 b - a staff of conjuration
Jewellery
 t - a ring of willpower
 w - an amulet of faith
 x - a +6 ring of intelligence (right hand)
 y - a ring of poison resistance (left hand)
 F - a ring of ice
 N - a ring of fire
 T - a +4 ring of protection
Wands
 e - a wand of quicksilver (12)
 H - a wand of roots (12)
 S - a wand of charming (14)
Scrolls
 c - 3 scrolls of teleportation
 f - a scroll of enchant armour
 g - 5 scrolls of identify
 h - 2 scrolls of enchant weapon {unknown}
 k - 3 scrolls of blinking {unknown}
 o - 3 scrolls of fear {unknown}
 s - a scroll of poison {unknown}
 z - 2 scrolls of magic mapping {unknown}
 B - 2 scrolls of vulnerability {unknown}
 G - a scroll of noise {unknown}
 I - a scroll of silence {unknown}
 R - a scroll of immolation {unknown}
Potions
 j - 2 potions of ambrosia {unknown}
 l - 2 potions of magic
 m - a potion of flight {unknown}
 n - 4 potions of degeneration {unknown}
 p - 2 potions of attraction {unknown}
 q - 3 potions of haste
 r - 4 potions of curing {unknown}
 u - 3 potions of brilliance {unknown}
 v - 6 potions of invisibility {unknown}
 A - a potion of cancellation {unknown}
 D - a potion of mutation {unknown}
 J - a potion of heal wounds
 M - a potion of might {unknown}
 O - a potion of resistance {unknown}


   Skills:
 * Level 5.0 Fighting
 + Level 1.6(3.3) Short Blades
 * Level 5.0(5.2) Long Blades
 * Level 3.1 Throwing
 * Level 4.7 Armour
 * Level 5.8 Dodging
 + Level 3.2 Stealth
 * Level 7.4 Spellcasting
 * Level 8.5 Conjurations
 * Level 4.4 Translocations
 * Level 1.4 Earth Magic
 * Level 2.2 Invocations
 * Level 3.9 Evocations


You had 13 spell levels left.
You knew the following spells:

 Your Spells              Type           Power      Damage    Failure   Level
a - Stone Arrow           Conj/Erth      96%        3d13      1%          3
b - Searing Ray           Conj           100%       2d8       1%          2
c - Magic Dart            Conj           100%       1d8       1%          1
z - Iskenderun's Mystic   Conj/Tloc      55%        2d12      2%          4

Your spell library contained the following spells:

 Spells                   Type           Power      Damage    Failure   Level
 Kiss of Death            Conj/Necr      100%       2d13      1%          1
 Blink                    Tloc           86%        N/A       1%          2
 Lesser Beckoning         Tloc           86%        N/A       1%          2
 Momentum Strike          Conj/Tloc      100%       3d10      1%          2
 Dazzling Flash           Conj/Hex       84%        N/A       1%          3
 Gell's Gravitas          Tloc           43%        N/A       1%          3
 Teleport Other           Tloc           43%        N/A       1%          3
 Sandblast                Erth           46%        2d11      2%          1
 Mephitic Cloud           Conj/Pois/Air  32%        N/A       3%          3
 Passwall                 Tmut/Erth      15%        N/A       4%          2
 Volatile Blastmotes      Fire/Tloc      56%        2d14      4%          3
 Cigotuvi's Dreadful Rot  Necr/Pois/Air  26%        N/A       6%          2
 Scorch                   Fire           26%        2d6       6%          2
 Flame Wave               Conj/Fire      42%        2d11      7%          4
 Fulminant Prism          Conj/Hex       21%        3d12      7%          4
 Confusing Touch          Hex            13%        N/A       12%         3
 Ignite Poison            Fire/Tmut/Pois 13%        N/A       12%         3
 Freezing Cloud           Conj/Ice/Air   16%        6-21      34%         5
 Dispel Undead            Necr           13%        3d9       36%         4
 Summon Ice Beast         Ice/Summ       13%        N/A       36%         4
 Lee's Rapid Deconstruct  Erth           11%        3d8*      52%         5
 Death Channel            Necr           6%         N/A       99%         6
 Eringya's Noxious Bog    Tmut/Pois      6%         N/A       99%         6
 Summon Cactus Giant      Summ           6%         N/A       99%         6


Dungeon Overview and Level Annotations

Branches:
Dungeon (8/15)             Temple (1/1) D:5           Sewer (visited)
   Lair: D:8-11

Altars:
Ashenzari
Cheibriados
Dithmenos
Elyvilon
Fedhas
Gozag
Hepliaklqana
Kikubaaqudgha
Makhleb
Nemelex Xobeh
Okawaru
Qazlal
Ru
Sif Muna
Trog
Uskayaw
Vehumet
Wu Jian
Xom
Yredelemnul
The Shining One

Shops:
D:2 (

Annotations:
D:4 1 runed translucent door, hattey's ghost, novice HuWn


Innate Abilities, Weirdness & Mutations

You are amphibious.
You cover ground slowly.
You can hop short distances.
You have an extended range of vision and can be seen from far away.


Message History

Aiming: Stone Arrow (safe; 1% risk of failure)
Press: ? - help, Shift-Dir - straight line, f/p - centaur warrior
Aim: a centaur warrior, wearing a +4 ring of protection (heavily wounded, very poisoned, 82% to hit)
The stone arrow hits the centaur warrior!
The centaur warrior is almost dead.
You kill the centaur warrior!
Cheibriados thoroughly appreciates the change of pace.
Your Fighting skill increases to level 5!
Your Long Blades skill increases to level 5!
Your Throwing skill increases to level 3!
Unknown command.
Unknown command. 2 kobolds come into view.
The kobold shouts!
The wyvern hisses angrily.
The kobold shouts!
You hear a shout! x2
The kobold closely misses you.
Things that are here:
a +2 shortbow of freezing; a +4 ring of protection
Okay, then.
T - a +4 ring of protection The kobold barely misses you.
Unknown command.
Casting: Stone Arrow (safe; 1% risk of failure)
Confirm with . or Enter, or press ? or * to list all spells.
Aiming: Stone Arrow (safe; 1% risk of failure)
Press: ? - help, Shift-Dir - straight line, f - kobold
Aim: a kobold, wielding a +0 whip (70% to hit)
The stone arrow hits the kobold!!
You kill the kobold!
Cheibriados appreciates the change of pace.
A centaur warrior comes into view.
The wyvern bites you!
* * * LOW HITPOINT WARNING * * *
The centaur warrior wields a +0 shortbow.
The centaur warrior shoots an arrow.
The arrow hits you!
* * * LOW HITPOINT WARNING * * *
Unknown command.
Unknown command.
The wyvern bites you!
You die...

##### # #.#
#. #.# #
#.##.##.# .
#......# ###
.# #.####..#
..##J# #
#..### c..)/
# ##...##..K#
# #)...#).# #
#...@#).# #
#..))l.(# #
#....#)....#
###
#....#....##
..#
##...###..##
#.#
#..#########.
#.#
#............
#รท#
#.##.#######
#.# #....#


You could see a wyvern.

Vanquished Creatures
  A centaur warrior (D:8)
  Pikel (D:6)
  6 yaks (D:8)
  Menkaure (D:6)
  2 water moccasins (D:6)
  5 ice beasts
  A black bear (D:4)
  An ogre (D:6)
  3 centaurs
  2 phantoms
  3 lemures
  7 kobold brigands
  6 scorpions
  8 wights (D:7)
  2 hounds
  6 orc priests
  5 orc wizards
  A sleepcap (D:6)
  5 iguanas
  6 river rats (Sewer)
  12 adders
  7 gnolls
  A shadow imp (D:7)
  2 white imps
  2 ufetubi
  2 worms (D:3)
  5 dart slugs
  30 orcs
  9 ball pythons
  5 endoplasms
  3 giant cockroaches
  8 goblins
  3 hobgoblins (D:1)
  12 jackals
  A quokka (D:4)
  A bat (D:3)
  5 frilled lizards
  28 kobolds
  25 rats
233 creatures vanquished.

Notes
Turn   | Place    | Note
-------+----------+-------------------------------------------
     0 | D:1      | Morbidden the Barachi Conjurer began the quest for the Orb.
     0 | D:1      | Reached XP level 1. HP: 13/13 MP: 3/3
   141 | D:1      | Reached XP level 2. HP: 14/20 MP: 1/5
   151 | D:1      | Learned a level 2 spell: Searing Ray
   286 | D:1      | Got the Book of the Whelk
   469 | D:1      | Reached skill level 5 in Conjurations
   531 | D:1      | Reached XP level 3. HP: 25/25 MP: 2/6
   871 | D:1      | Reached skill level 1 in Fighting
  1070 | D:2      | Found Xorus's Antique Weapon Shoppe.
  1733 | D:2      | Got the Directory of Poisoning
  2264 | D:3      | Reached skill level 1 in Short Blades
  2264 | D:3      | Reached XP level 4. HP: 32/32 MP: 3/7
  2353 | D:3      | Learned a level 4 spell: Iskenderun's Mystic Blast
  2439 | D:3      | Reached skill level 1 in Translocations
  2441 | D:3      | Reached skill level 1 in Armour
  2632 | D:3      | Reached XP level 5. HP: 36/37 MP: 5/8
  2647 | D:3      | Found a glowing drain.
  2659 | Sewer    | Entered a sewer
  2777 | Sewer    | Noticed a kobold brigand
  2777 | Sewer    | Noticed a kobold brigand
  2784 | Sewer    | Killed a kobold brigand
  2976 | Sewer    | Noticed a kobold brigand
  2989 | Sewer    | Reached XP level 6. HP: 43/43 MP: 8/10
  3041 | Sewer    | Reached skill level 1 in Long Blades
  3376 | Sewer    | HP: 1/44 [river rat (9)]
  3825 | Sewer    | Reached XP level 7. HP: 40/50 MP: 5/13
  3832 | Sewer    | Reached skill level 6 in Conjurations
  4970 | D:4      | Reached skill level 1 in Throwing
  5185 | D:4      | Found a runed translucent door.
  5185 | D:4      | Noticed hattey's ghost (novice HuWn)
  6083 | D:4      | Reached skill level 1 in Evocations
  6083 | D:4      | Reached XP level 8. HP: 43/57 MP: 10/15
  6423 | D:5      | Entered Level 5 of the Dungeon
  6648 | D:5      | Reached skill level 5 in Spellcasting
  6839 | D:5      | Found a staircase to the Ecumenical Temple.
  6839 | D:5      | Identified the +2 leather armour of Rocomef {Harm rPois
                  | rCorr Dex-2}
  6961 | Temple   | Entered the Ecumenical Temple
  7027 | Temple   | Became a worshipper of Cheibriados the Contemplative
  7672 | D:6      | Noticed Pikel
  7789 | D:6      | Noticed Menkaure
  7794 | D:6      | Killed Menkaure
  7795 | D:6      | Reached skill level 7 in Conjurations
  7795 | D:6      | Reached XP level 9. HP: 64/64 MP: 9/17
  8071 | D:6      | Killed Pikel
  8072 | D:6      | Reached skill level 1 in Invocations
  8569 | D:6      | Reached * piety under Cheibriados
  9515 | D:7      | Reached skill level 5 in Dodging
  9515 | D:7      | Reached XP level 10. HP: 73/73 MP: 10/20
  9532 | D:7      | Learned a level 3 spell: Stone Arrow
  9670 | D:7      | Reached ** piety under Cheibriados
  9771 | D:7      | Reached skill level 8 in Conjurations
 10624 | D:8      | Reached skill level 1 in Earth Magic
 10690 | D:8      | Noticed a centaur warrior
 10691 | D:8      | Reached *** piety under Cheibriados
 10698 | D:8      | Killed a centaur warrior
 10699 | D:8      | Reached skill level 5 in Fighting
 10699 | D:8      | Reached skill level 5 in Long Blades
 10701 | D:8      | Noticed a centaur warrior
 10702 | D:8      | Mangled by a wyvern

Illustrated notes

Levels and vault maps discovered:
D:1:      giann_bridges, layout_basic, minmay_misc_feat_columns
D:2:      layout_basic, serial_shops, nicolae_shop_advertising_works
          [nicolae_subvault_shop_adworks], st_stairs_5
D:3:      layout_basic, cheibrodos_sewer_entry_bend
D:4:      layout_loops_corners, hellmonk_ghost_happy_afterlife
D:5:      layout_loops_ring, minmay_temple_entry_statues_fountains
D:6:      layout_rooms, uniq_pikel, uniq_menkaure
D:7:      layout_rooms
D:8:      minmay_curly_fans, layout_loops_ring
Temple:   grunt_wide_crystal_templ

Skill      XL: |  1  2  3  4  5  6  7  8  9 10 |
---------------+-------------------------------+-----
Conjurations   | 5 6 7 8 |  8.5
Fighting       | 1 2 3 4 5 |  5.0
Short Blades   | 1 |  1.6
Translocations | 1 2 3 4 |  4.4
Armour         | 1 2 3 4 |  4.7
Dodging        | 3 5 |  5.8
Stealth        | 2 3 |  3.2
Spellcasting   | 3 4 5 6 7 |  7.4
Long Blades    | 1 2 3 4 5 |  5.0
Throwing       | 1 2 3 |  3.1
Evocations     | 1 2 3 |  3.9
Invocations    | 1 2 |  2.2
Earth Magic    | 1 |  1.4

Action                     |  1- 3 |  4- 6 |  7- 9 | 10-12 || total
---------------------------+-------+-------+-------+-------++-------
  Melee: Unarmed           |     4 |       |       |       ||     4
         Dagger            |    16 |    21 |       |       ||    37
         Staff             |       |     2 |       |       ||     2
         Short sword       |       |       |     2 |    14 ||    16
  Throw: Dart              |       |    16 |    18 |     1 ||    35
   Cast: Magic Dart        |    71 |    90 |   138 |       ||   299
         Searing Ray       |     1 |     9 |    68 |     9 ||    87
         Stone Arrow       |       |       |       |    22 ||    22
Ability: Hop               |       |     4 |       |     1 ||     5
  Evoke: Wand              |       |       |       |     2 ||     2
    Use: Potion            |       |     4 |       |       ||     4
         Scroll            |       |       |       |     2 ||     2
 Armour: Robe              |    12 |    16 |     7 |       ||    35
         Leather armour    |       |       |    21 |    10 ||    31
  Dodge: Dodged            |    44 |    56 |    69 |    13 ||   182

Table legend: (Time is in decaauts)
 A = Elapsed time spent in this place.
 B = Non-inter-level travel time spent in this place.
 C = Inter-level travel time spent in this place.
 D = Time resting spent in this place.
 E = Time spent auto-exploring this place.
 F = Levels seen in this place.
 G = Mean time per level.
                   A        B        C        D        E       F      G
               +--------+--------+--------+--------+--------+-----+--------+
         Total |  12378 |  11598 |    780 |    523 |   9269 |  10 | 1237.8 |
       Dungeon |  10752 |   9990 |    762 |    338 |   8166 |   8 | 1344.0 |
        Temple |    103 |     86 |     17 |      0 |     40 |   1 |  103.0 |
         Sewer |   1523 |   1523 |      0 |    185 |   1062 |   1 | 1523.0 |
               +--------+--------+--------+--------+--------+-----+--------+

Top non-repeatable levels by time:
     D:5: 1882 daAuts
     D:4: 1749 daAuts
     D:6: 1536 daAuts
   Sewer: 1523 daAuts
     D:2: 1406 daAuts
     D:3: 1240 daAuts
     D:1: 1161 daAuts
     D:7: 1122 daAuts
     D:8: 652 daAuts
  Temple: 103 daAuts
